 Dungeon Crawl Stone Soup version 0.25-a0-890-g62861fb195 (webtiles) character file.

Game seed: 12773363213975315472, levelgen mode: deterministic

18 tilp the Bolt Thrower (level 2, -2/16 HPs)
             Began as a Kobold Arcane Marksman on May 2, 2020.
             Slain by a jackal (3 damage)
             ... on level 1 of the Dungeon.
             The game lasted 00:01:54 (776 turns).

tilp the Bolt Thrower (Kobold Arcane Marksman)       Turns: 776, Time: 00:01:55

Health: -2/16      AC:  3    Str:  7    XL:     2   Next: 85%
Magic:  1/3        EV: 14    Int: 14    God:
Gold:   27         SH:  0    Dex: 15    Spells: 0/3 levels left

rFire    . . .     SeeInvis .   b - +0 dagger (freeze)
rCold    . . .     Gourm    .   (shield restricted)
rNeg     . . .     Faith    .   h - +0 leather armour
rPois    .         Spirit   .   (no helmet)
rElec    .         Reflect  .   (no cloak)
rCorr    .         Harm     .   (no gloves)
MR       .....                  (no boots)
Stlth    +.........             (no amulet)
HPRegen  0.05/turn              (no ring)
MPRegen  0.08/turn              (no ring)

@: no status effects
A: small, carnivore
a: no special abilities


You were on level 1 of the Dungeon.
You were completely stuffed.

You visited 1 branch of the dungeon, and saw 1 of its levels.

You collected 27 gold pieces.

Inventory:

Hand Weapons
 a - a +0 hand crossbow
 b - a +0 dagger of freezing (weapon)
Missiles
 d - 15 bolts
Armour
 h - a +0 leather armour (worn)
Scrolls
 f - 2 scrolls of teleportation {unknown}
 i - a scroll of identify {unknown}
Potions
 e - a potion of might {unknown}
 j - a potion of curing {unknown}
Comestibles
 c - a ration
 g - 6 chunks of flesh


   Skills:
 - Level 1.1 Fighting
 + Level 3.9 Crossbows
 - Level 2.4 Dodging
 - Level 1.1 Spellcasting
 - Level 3.0 Hexes


You couldn't memorise any spells.
You knew the following spells:

 Your Spells              Type           Power        Failure   Level  Hunger
a - Corona                Hex            #......      12%         1    ##.....
b - Slow                  Hex            #.......     17%         2    ###....

Your spell library contained the following spells:

 Spells                   Type           Power        Failure   Level  Hunger
 Inner Flame              Hex/Fire       #.......     54%         3    ####...
 Portal Projectile        Hex/Tloc       #.....       54%         3    ####...
 Cause Fear               Hex            #.........   75%         4    #####..
 Leda's Liquefaction      Hex/Erth       #.........   91%         4    #####..


Dungeon Overview and Level Annotations

Branches:
Dungeon (1/15)

Altars:


Innate Abilities, Weirdness & Mutations

You are small and have problems with some larger weapons.
You are carnivorous and can eat meat at any time.


Message History

You closely miss the jackal. The jackal bites you.
* * * LOW HITPOINT WARNING * * *
You hit the jackal. You freeze the jackal.
The jackal is heavily wounded.
The jackal bites you but does no damage.
You hit the jackal. You freeze the jackal.
The jackal is almost dead.
The jackal closely misses you. The jackal barely misses you.
You hit the jackal. You freeze the jackal.
You kill the jackal!
Casting: Corona (safe; 12% risk of failure)
Confirm with . or Enter, or press ? or * to list all spells.
Aiming: Corona (safe; 12% risk of failure)
Press: ? - help, Shift-Dir - straight line, f - jackal
Aim: a jackal (chance to defeat MR: 62%)
The jackal is outlined in light.
The jackal bites you.
* * * LOW HITPOINT WARNING * * *
The jackal closely misses you.
You hit the jackal but do no damage. The jackal bites you.
You die...

##.....## ######
#.......# #.)..รท
#.......# #.#### .......
#####.### ...(.
#.......# ..( #.###.#.#
#.# #.# #.#.## ###h# #.#
#....# ##.#@# #.###..#.#
####....#######.##.....#
+.......................
####....#######.##....##
##.#.# #.......# ###.#
#######.# #.# #.# #.#
######.# #.# #......#


You could see a jackal.

Vanquished Creatures
  A giant cockroach (D:1)
  2 hobgoblins (D:1)
  3 jackals (D:1)
  2 ball pythons (D:1)
  A bat (D:1)
  2 frilled lizards (D:1)
  2 goblins (D:1)
  5 rats (D:1)
18 creatures vanquished.

Notes
Turn   | Place    | Note
-------+----------+-------------------------------------------
     0 | D:1      | tilp the Kobold Arcane Marksman began the quest for the
                  | Orb.
     0 | D:1      | Reached XP level 1. HP: 12/12 MP: 2/2
   149 | D:1      | Reached XP level 2. HP: 16/16 MP: 3/3
   153 | D:1      | Learned a level 2 spell: Slow
   776 | D:1      | Slain by a jackal

Levels and vault maps discovered:
D:1:      onia_arrival_handbag, layout_loops_corners

Skill      XL: |  1 |
---------------+----+-----
Crossbows      | 3 |  3.9
Fighting       | |  1.1
Dodging        | |  2.4
Spellcasting   | |  1.1
Hexes          | |  3.0

Action                   || total
-------------------------++-------
Melee: Club              ||    32
       Dagger            ||    27
 Fire: Hand crossbow     ||    20
 Cast: Corona            ||     9
  Eat: Chunk             ||     8
Armor: Leather armour    ||    16
Dodge: Dodged            ||    59

Table legend:
 A = Non-vault XP
 B = Vault XP
 C = Vault XP percentage of total XP
 D = Non-vault monster count
 E = Vault monster count
 F = Vault count percentage of total count
                 A         B        C        D         E       F
            +---------+---------+-------+---------+---------+-------
      Total |      21 |       5 |  19.2 |      14 |       4 |  22.2
            +---------+---------+-------+---------+---------+-------
        D:1 |      21 |       5 |  19.2 |      14 |       4 |  22.2
            +---------+---------+-------+---------+---------+-------
